 Dungeon Crawl Stone Soup version 0.29.1-1-gd02db6906a (webtiles) character file.

Game seed: 12013991556209680504

4847 lonewolfV2 the Cleaver (level 10, -8/90 HPs)
             Began as a Minotaur Fighter on Oct 16, 2022.
             Was a Believer of Okawaru.
             Mangled by warriortoast's ghost (20 damage)
             ... on level 7 of the Dungeon.
             The game lasted 00:11:25 (9509 turns).

lonewolfV2 the Cleaver (Minotaur Fighter)           Turns: 9509, Time: 00:11:26

Health: -8/90      AC:  9    Str: 25    XL:     10   Next: 25%
Magic:  7/9        EV: 14    Int:  2    God:    Okawaru [**....]
Gold:   378        SH:  8    Dex: 13    Spells: 9/9 levels left

rFire   . . .      SeeInvis .   a - +0 war axe
rCold   . . .      Faith    .   c - +1 buckler
rNeg    . . .      Spirit   .   b - +0 scale mail
rPois   .          Reflect  .   (helmet restricted)
rElec   .          Harm     .   (no cloak)
rCorr   .          Rampage  .   (no gloves)
Will    .....                   (no boots)
Stlth   +++.......              h - amulet of the acrobat
HPRegen 0.25/turn               (no ring)
MPRegen 0.11/turn               (no ring)

@: lethally poisoned (-8 -> -27), heroic
A: horns 2, retaliatory headbutt, agile 1, dopey 1
a: Renounce Religion, Heroism


You were on level 7 of the Dungeon.
You worshipped Okawaru.
Okawaru was pleased with you.
You visited 2 branches of the dungeon, and saw 8 of its levels.

You collected 378 gold pieces.

Inventory:

Hand Weapons
 a - a +0 war axe (weapon)
Missiles
 i - a throwing net (quivered)
Armour
 b - a +0 scale mail (worn)
 c - a +1 buckler (worn)
Jewellery
 h - an amulet of the acrobat (around neck)
 k - a ring of ice
Wands
 d - a wand of polymorph (20)
 n - a wand of digging (3)
Scrolls
 f - 5 scrolls of teleportation
 l - 2 scrolls of fear
 o - 2 scrolls of identify
 q - a scroll of amnesia
 s - a scroll of enchant armour
Potions
 e - a potion of brilliance
 g - a potion of heal wounds
 j - a potion of lignification
 m - a potion of resistance {unknown}
 p - a potion of mutation
 r - 2 potions of curing
 t - a potion of magic {unknown}
 u - a potion of attraction {unknown}


   Skills:
 + Level 8.6(13.6) Fighting
 + Level 12.2(17.2) Axes
 + Level 9.6(14.6) Armour
 + Level 5.8(10.8) Dodging
 + Level 4.0(9.0) Stealth
 + Level 8.1(13.1) Shields


You had 9 spell levels left.
You didn't know any spells.
Your spell library contained the following spells:

 Spells                   Type           Power      Damage    Failure   Level
 Apportation              Tloc           0%         N/A       80%         1
 Necrotise                Necr           0%         1d4       80%         1
 Sandblast                Erth           0%         2d4       80%         1
 Passwall                 Tmut/Erth      0%         N/A       91%         2
 Inner Flame              Hex/Fire       0%         N/A       99%         3
 Portal Projectile        Hex/Tloc       0%         N/A       99%         3
 Stone Arrow              Conj/Erth      0%         3d7       99%         3
 Cause Fear               Hex            0%         N/A       100%        4
 Blade Hands              Tmut           0%         N/A       100%        5
 Dispersal                Tloc           0%         N/A       100%        6
 Discord                  Hex            0%         N/A       100%        8
 Disjunction              Tloc           0%         N/A       100%        8
 Summon Small Mammal      Summ           Unusable   N/A       N/A         1
 Tukima's Dance           Hex            Unusable   N/A       N/A         3

Dungeon Overview and Level Annotations

Branches:
Dungeon (7/15)             Temple (1/1) D:4

Altars:
Ashenzari
Cheibriados
Dithmenos
Elyvilon
Hepliaklqana
Kikubaaqudgha
Makhleb
Nemelex Xobeh
Okawaru
Qazlal
Trog
Vehumet
Xom
Yredelemnul
Zin

Shops:
D:4 (

Annotations:
D:7 Cheops's ghost, novice DsGl; turdburglar's ghost, novice GnHu; warriortoast's ghost, novice MiFi


Innate Abilities, Weirdness & Mutations

You have a pair of horns on your head.
You reflexively headbutt those who attack you in melee.
You are agile. (Dex +4, Str/Int -1)
You are dopey. (Int -2)


Message History

You headbutt GloriousHammer's ghost!
Warriortoast's ghost hits you but does no damage.
You feel better. You block turdburglar's ghost's attack.
You block GloriousHammer's ghost's attack.
Warriortoast's ghost hits you.
Okay, then.
You gain the combat prowess of a mighty hero.
Turdburglar's ghost closely misses you. You furiously retaliate!
You headbutt turdburglar's ghost, but do no damage.
You block GloriousHammer's ghost's attack.
Warriortoast's ghost says very slowly, "There's no hope."
Warriortoast's ghost closely misses you.
You furiously retaliate!
You headbutt warriortoast's ghost!
You closely miss GloriousHammer's ghost.
You headbutt GloriousHammer's ghost.
You destroy GloriousHammer's ghost!
Okawaru accepts your kill.
You slash warriortoast's ghost! You barely miss turdburglar's ghost.
Turdburglar's ghost hits you but does no damage.
You are poisoned.
Warriortoast's ghost whispers, "The ORB doesn't exist."
Warriortoast's ghost misses you. You furiously retaliate!
You headbutt warriortoast's ghost, but do no damage.
You closely miss turdburglar's ghost. You slash warriortoast's ghost!
You feel sick.
You miss turdburglar's ghost.
Your headbutt misses turdburglar's ghost.
You hit warriortoast's ghost. Turdburglar's ghost hits you.
You are more poisoned.
Warriortoast's ghost whispers, "Death is liberation."
Warriortoast's ghost hits you!!
* * * LOW HITPOINT WARNING * * *
You barely miss turdburglar's ghost.
You hit warriortoast's ghost but do no damage.
* * * LOW HITPOINT WARNING * * *
You feel very sick.
Turdburglar's ghost hits you but does no damage.
You are more poisoned.
Warriortoast's ghost hits you!!
You die...

....###....## ##................
....##......####..............###
.............##..............####
....................[........###.
..).......######.................
...))....##?$8.#.................
..##.##.##8....#.................
.###.####......#.................
.##..####.?...WW@................
.##.....#⌠.....W.................
...(....#......'.................
........#$.....#.................
........##8....#.................
...#.....##$$8)#.................
..###.....######.................
.###..######.....................
#....## #...#....##...........


You could see Cheops's ghost, turdburglar's ghost and warriortoast's ghost.

Vanquished Creatures
  Grinder (D:6)
  The ghost of elongatedgoose the Trooper, an amateur MiFi (D:3)
  The ghost of GloriousHammer the Stinger, an amateur NaVM (D:7)
  Menkaure (D:4)
  An orc warrior (D:7)
  2 ice beasts
  A black bear (D:6)
  A sky beast (D:6)
  2 ogres (D:6)
  A phantom (D:5)
  A centaur (D:6)
  Blork the orc (D:4)
  A bullfrog (D:7)
  A necrophage (D:6)
  A gnoll sergeant (D:7)
  A scorpion (D:6)
  5 wights (D:6)
  A crimson imp (D:7)
  A quasit (D:4)
  A jelly (D:6)
  An orc priest (D:4)
  A gnoll bouda (D:6)
  2 hounds
  3 iguanas
  3 orc wizards
  10 gnolls
  8 adders
  3 shadow imps (D:4)
  4 white imps
  4 ufetubi (D:4)
  2 worms
  10 orcs
  4 bats
  3 endoplasms (D:1)
  4 giant cockroaches
  9 goblins
  7 hobgoblins
  4 jackals (D:1)
  6 quokkas
  7 ball pythons
  3 frilled lizards (D:1)
  4 kobolds
  2 quokka zombies (D:3)
  8 rats
138 creatures vanquished.

Vanquished Creatures (others)
  4 demonic plants (D:4)
  2 withered plants (D:7)
6 creatures vanquished.

Grand Total: 144 creatures vanquished

Notes
Turn   | Place    | Note
-------+----------+-------------------------------------------
     0 | D:1      | lonewolfV2 the Minotaur Fighter began the quest for the
                  | Orb.
     0 | D:1      | Reached XP level 1. HP: 19/19 MP: 0/0
   290 | D:1      | Reached XP level 2. HP: 27/27 MP: 1/1
   818 | D:1      | Reached skill level 3 in Axes
   894 | D:1      | Reached XP level 3. HP: 31/33 MP: 2/2
  1364 | D:2      | Reached skill level 1 in Dodging
  1369 | D:2      | Reached skill level 4 in Axes
  1369 | D:2      | Reached XP level 4. HP: 19/40 MP: 3/3
  1952 | D:2      | Found a hazy altar of Hepliaklqana.
  3101 | D:3      | Reached XP level 5. HP: 46/46 MP: 4/4
  3206 | D:3      | Found a runed translucent gate.
  3206 | D:3      | Found a runed translucent gate.
  3206 | D:3      | Found a runed translucent gate.
  3206 | D:3      | Noticed elongatedgoose's ghost (amateur MiFi)
  3209 | D:3      | Found a basalt altar of Yredelemnul.
  3223 | D:3      | HP: 2/46 [elongatedgoose's ghost (10)]
  3224 | D:3      | Killed elongatedgoose's ghost
  3225 | D:3      | Reached skill level 5 in Axes
  3225 | D:3      | Reached XP level 6. HP: 3/53 MP: 5/5
  4364 | D:4      | Noticed Menkaure
  4367 | D:4      | Found Imoer's Weapon Emporium.
  4386 | D:4      | Noticed Blork the orc
  4392 | D:4      | Killed Blork the orc
  4393 | D:4      | Reached skill level 6 in Axes
  4413 | D:4      | Found a staircase to the Ecumenical Temple.
  4420 | D:4      | Reached skill level 5 in Armour
  4426 | Temple   | Entered the Ecumenical Temple
  4526 | Temple   | Became a worshipper of Warmaster Okawaru
  4693 | D:4      | Killed Menkaure
  4694 | D:4      | Reached skill level 5 in Shields
  4694 | D:4      | Reached XP level 7. HP: 32/60 MP: 6/6
  5159 | D:5      | Entered Level 5 of the Dungeon
  5302 | D:5      | Reached skill level 5 in Fighting
  5302 | D:5      | Reached skill level 7 in Axes
  6185 | D:6      | Reached * piety under Okawaru
  6208 | D:6      | Reached XP level 8. HP: 31/68 MP: 7/7
  6597 | D:6      | Reached skill level 8 in Axes
  7099 | D:6      | Reached skill level 9 in Axes
  7099 | D:6      | Reached skill level 1 in Stealth
  7168 | D:6      | Reached ** piety under Okawaru
  7450 | D:6      | Noticed Grinder
  7461 | D:6      | Killed Grinder
  7462 | D:6      | Reached XP level 9. HP: 61/77 MP: 8/8
  7792 | D:7      | Found a burning altar of Makhleb.
  7792 | D:7      | Found a radiant altar of Vehumet.
  8069 | D:7      | HP: 2/77 [orc warrior/+0 halberd (3)]
  8072 | D:7      | Gained mutation: You are dopey. (Int -2) [potion of
                  | mutation]
  8072 | D:7      | Gained mutation: You are agile. (Dex +4, Str/Int -1)
                  | [potion of mutation]
  8333 | D:7      | Reached skill level 12 in Axes
  8333 | D:7      | Reached skill level 5 in Dodging
  8333 | D:7      | Reached XP level 10. HP: 88/88 MP: 9/9
  8496 | D:7      | Found a stormy altar of Qazlal.
  8591 | D:7      | Found a runed translucent gate.
  8591 | D:7      | Found a runed translucent gate.
  8591 | D:7      | Found a runed translucent gate.
  8600 | D:7      | Noticed turdburglar's ghost (novice GnHu)
  8600 | D:7      | Noticed warriortoast's ghost (novice MiFi)
  8600 | D:7      | Noticed Cheops's ghost (novice DsGl)
  8601 | D:7      | Noticed GloriousHammer's ghost (amateur NaVM)
  9506 | D:7      | Killed GloriousHammer's ghost
  9509 | D:7      | Mangled by warriortoast's ghost

Illustrated notes

Levels and vault maps discovered:
D:1:      dpeg_arrival_tiny_a, layout_basic, minmay_tromino_i2
D:2:      layout_basic, basic_altar
D:3:      layout_loops_corners, nicolae_yredelemnul_ghost_church,
          grunt_decor_arrowhead
D:4:      layout_loops_ring, minmay_temple_entry_proselytizer, serial_demonic,
          serial_demonic_d, serial_demonic_b, serial_demonic_b,
          serial_demonic_a, serial_shops, nicolae_shop_bloodbath_and_beyond,
          uniq_blork_the_orc, uniq_menkaure
D:5:      layout_gridville
D:6:      layout_loops_ring, kennysheep_generic_room_6, uniq_grinder
D:7:      layout_layer_cave, grunt_qazlal_sundering,
          grunt_temple_overflow_lords_of_destruction, gammafunk_ghost_cemetery,
          supply_closet_lemuel
Temple:   jpeg_temple_clearing

Skill      XL: |  1  2  3  4  5  6  7  8  9 10 |
---------------+-------------------------------+-----
Armour         | 4 5 7 9 |  9.6
Axes           | 3 4 5 6 7 9 12 | 12.2
Shields        | 4 5 6 8 |  8.1
Fighting       | 4 5 6 8 |  8.6
Dodging        | 1 2 3 5 |  5.8
Stealth        | 1 3 4 |  4.0

Action                   |  1- 3 |  4- 6 |  7- 9 | 10-12 || total
-------------------------+-------+-------+-------+-------++-------
Melee: War axe           |    85 |   109 |   160 |    41 ||   395
       Headbutt          |     7 |    18 |    29 |     9 ||    63
Invok: Heroism           |       |       |       |     1 ||     1
  Use: Scroll            |     1 |     4 |    10 |       ||    15
       Potion            |       |     1 |     5 |     1 ||     7
Armor: Scale mail        |    49 |    54 |    56 |    15 ||   174
Dodge: Dodged            |    53 |    92 |   110 |    18 ||   273
Block: Buckler           |    24 |    35 |    39 |    17 ||   115
